Map: Oxide LE

Players

Ryung

  • Race: Terran Terran
  • League: Diamond
  • Spawn Location: 1:00

MaxPax - Winner!

  • Race: Protoss Protoss
  • Spawn Location: 7:00

VOD

Have the link to the VOD?

Description

Time

  • Played on: Feb. 9, 2021, 8:44 a.m.
  • Length: 9:48
Show
View Real Time Build Order
Export as new Build Order

Ryung Terran 

Build Orders:  

Get SALT Encoding   

  12  0:00  SCV  
  13  0:12  SCV  
  14  0:17  Supply Depot  
  14  0:25  SCV  
  14  0:27  Refinery  
  15  0:39  SCV  
  16  0:44  Barracks  
  16  0:51  SCV  
  17  1:03  SCV  
  18  1:15  SCV  
  19  1:32  Orbital Command, Marine  
  19  1:33  Factory  
  20  1:50  Barracks Reactor  
  20  1:58  Command Center  
  20  2:01  SCV  
  21  2:10  Supply Depot  
  21  2:13  SCV  
  22  2:25  SCV  
  23  2:31  Hellion x2  
  23  2:36  Refinery  
  27  2:39  Supply Depot, SCV  
  26  2:53  Widow Mine x2  
  26  2:55  SCV  
  26  2:57  Barracks Tech Lab  
  31  3:07  SCV  
  31  3:11  Bunker  
  30  3:23  SCV  
  31  3:32  Siege Tank, Marine x2  
  35  3:36  SCV  
  35  3:41  Supply Depot  
  32  3:48  SCV  
  32  3:49  Marine  
  32  3:50  Marine  
  32  3:53  Command Center  
  35  4:03  SCV  
  36  4:10  Cyclone  
  36  4:11  Marine x2  
  36  4:15  SCV  
  42  4:27  Starport  
  42  4:33  SCV  
  43  4:41  Marine x2  
  43  4:45  Supply Depot  
  45  4:49  SCV  
  46  4:59  Siege Tank  
  45  5:04  Marine x2  
  47  5:09  Orbital Command  
  47  5:10  Medivac  
  47  5:12  SCV  
  50  5:18  Supply Depot  
  50  5:22  Marine x2  
  52  5:28  Orbital Command  
  52  5:29  SCV  
  52  5:33  Siege Tank  
  56  5:41  SCV  
  57  5:45  Viking  
  57  5:47  Marine x2  
  60  5:54  SCV  
  62  6:04  SCV  
  62  6:05  Siege Tank, Marine x2  
  62  6:06  SCV  
  66  6:15  Liberator  
  69  6:19  SCV x2  
  69  6:23  Marine x2  
  73  6:26  Barracks  
  72  6:34  SCV  
  72  6:35  SCV  
  74  6:43  Supply Depot  
  74  6:47  SCV x2  
  72  6:55  Marine x2  
  72  6:59  SCV x2  
  73  7:06  Bunker  
  73  7:07  Bunker  
  73  7:08  Engineering Bay  
  73  7:09  Barracks  
  73  7:11  SCV x2  
  73  7:13  Marine x2  
  76  7:17  Bunker  
  76  7:19  Siege Tank  
  79  7:24  SCV x2  
  81  7:32  Marine x2  
  81  7:33  Barracks Tech Lab  
  83  7:41  Missile Turret  
  81  7:50  Marine x2  
  83  7:53  Bunker  
  83  7:55  Marine  
  83  7:56  Stimpack  
  83  7:57  Starport Reactor, Bunker  
  83  7:58  SCV x2  
  86  8:04  Refinery  
  86  8:13  Supply Depot x2  
  86  8:14  Marine  
  86  8:15  Barracks Tech Lab  
  72  8:21  Siege Tank  
  72  8:23  Marine x2  
  72  8:25  SCV x2  
  64  8:31  Marine  
  64  8:32  Command Center  
  64  8:35  Marine  
  64  8:37  Refinery  
  65  8:42  Marine x2  
  67  8:49  Marine  
  67  8:52  Barracks  
  67  8:53  Marine  
  67  8:55  Barracks  
  69  8:57  Missile Turret  
  69  8:58  Siege Tank  
  69  9:00  Marine x2  
  69  9:02  SCV x2  
  76  9:07  Marine  
  73  9:11  Marine  
  70  9:18  Marine x2  
  57  9:25  Marine  
  57  9:26  SCV x2  
  57  9:29  Marine  
Show
View Real Time Build Order
Export as new Build Order

MaxPax Protoss - Winner!

Build Orders:  

Get SALT Encoding   

  12  0:00  Probe  
  13  0:12  Probe  
  14  0:18  Pylon  
  14  0:24  Probe  
  15  0:32  Pylon  
  15  0:37  Probe  
  16  0:49  Probe  
  17  0:50  Gateway  
  17  0:56  Assimilator  
  17  1:01  Probe  
  18  1:14  Probe  
  19  1:26  Probe  
  20  1:36  Zealot (Chrono Boost)  
  20  1:37  Cybernetics Core  
  22  1:48  Nexus  
  22  1:54  Zealot (Chrono Boost)  
  22  1:59  Probe  
  25  2:05  Assimilator  
  25  2:11  Stalker (Chrono Boost), Probe  
  28  2:23  Warp Gate, Probe  
  29  2:33  Stalker (Chrono Boost)  
  31  2:45  Pylon  
  31  2:49  Gateway  
  31  2:59  Probe  
  31  3:00  Probe, Adept (Chrono Boost)  
  31  3:04  Shield Battery  
  35  3:11  Probe  
  36  3:13  Probe  
  33  3:23  Probe  
  33  3:25  Probe  
  35  3:28  Stalker  
  35  3:37  Probe x2 (Chrono Boost)  
  37  3:41  Robotics Facility  
  39  3:49  Probe (Chrono Boost)  
  39  3:53  Probe (Chrono Boost)  
  39  3:56  Gateway  
  39  3:58  Probe (Chrono Boost)  
  40  4:04  Probe  
  41  4:11  Probe (Chrono Boost)  
  41  4:16  Shield Battery  
  43  4:20  Pylon  
  43  4:21  Probe (Chrono Boost)  
  43  4:23  Probe (Chrono Boost)  
  44  4:25  Warp Prism (Chrono Boost)  
  44  4:29  Pylon  
  44  4:30  Probe (Chrono Boost)  
  48  4:31  Probe (Chrono Boost)  
  48  4:34  Twilight Council  
  48  4:37  Probe  
  49  4:41  Probe  
  49  4:44  Assimilator  
  50  4:48  Shield Battery  
  50  4:49  Probe  
  50  4:50  Stalker  
  53  4:54  Stalker  
  53  4:56  Observer, Pylon  
  53  4:57  Probe  
  55  5:08  Probe  
  55  5:09  Stalker  
  56  5:14  Gateway  
  56  5:19  Stalker x2  
  60  5:22  Assimilator  
  60  5:27  Pylon  
  60  5:28  Pylon  
  60  5:39  Shield Battery, Stalker  
  62  5:45  Immortal (Chrono Boost)  
  64  5:55  Stalker  
  66  6:03  Blink (Chrono Boost)  
  66  6:08  Stalker, Gateway  
  66  6:09  Stalker  
  70  6:14  Shield Battery  
  70  6:23  Pylon  
  70  6:25  Nexus  
  70  6:33  Immortal (Chrono Boost)  
  72  6:40  Sentry x3  
  70  6:47  Zealot x3  
  70  6:52  Gateway  
  72  7:05  Immortal  
  72  7:06  Stalker, Gateway  
  74  7:18  Stalker x3  
  80  7:24  Pylon  
  80  7:39  Pylon  
  80  7:40  Stalker  
  80  7:41  Stalker x3  
  88  7:49  Pylon  
  89  7:58  Observer  
  89  8:01  Stalker  
  91  8:08  Stalker x4  
  91  8:09  Stalker  
  85  8:21  Probe  
  85  8:23  Probe  
  85  8:29  Probe  
  85  8:33  Probe  
  87  8:35  Probe  
  87  8:38  Robotics Bay, Forge  
  88  8:42  Probe, Pylon  
  88  8:45  Probe  
  88  8:46  Sentry x3  
  88  8:47  Probe  
  97  8:54  Probe  
  98  8:57  Probe  
  98  8:59  Probe  
  100  9:06  Probe  
  100  9:09  Probe  
  102  9:14  Stalker x4  
  100  9:32  Stalker  
Tags
 
League
Diamond
Matchup
PvT
Spawn Locations
Cross Positions
Add a new tag
Caveats
  • Supply blocks, unpowered buildings, or Contaminate may cause inaccurate times.
  • Supply counts are checked every 10 seconds.